 Dungeon Crawl Stone Soup version 0.31.0-11-ge490571c62 (webtiles) character file.

Game seed: 8535111490998991863

64 qw the Shooter (level 3, 0/18 HPs)
             Began as a Spriggan Hunter on Feb 4, 2024.
             Succumbed to an adder's poison
             ... on level 2 of the Dungeon.
             The game lasted 00:00:04 (1042 turns).

qw the Shooter (Spriggan Hunter)                    Turns: 1042, Time: 00:00:04

Health: 0/18       AC:  3    Str:  7    XL:     3   Next: 91%
Magic:  4/4        EV: 19    Int: 10    God:
Gold:   107        SH:  0    Dex: 20    Spells: 2/2 levels left

rFire   . . .        a - +0 shortbow
rCold   . . .        (shield currently unavailable)
rNeg    . . .        c - +0 robe
rPois   .            (helmet restricted)
rElec   .            e - +0 cloak
rCorr   .            (gloves unavailable)
SInv    +            (boots unavailable)
Will    .....        (no amulet)
Stlth   ++           (no ring)
HPRegen 0.23/turn    (no ring)
MPRegen 0.09/turn

%: no passive effects
@: lethally poisoned (0 -> -1), very quick
A: very small, no large weapons, unfitting armour, see invisible, speed 3
a: no special abilities


You were on level 2 of the Dungeon.
You visited 1 branch of the dungeon, and saw 2 of its levels.

You collected 107 gold pieces.


Innate Abilities, Weirdness & Mutations

You are very small and have problems with some larger weapons.
You are too small for most types of armour.
You have supernaturally acute eyesight. (SInv)
You cover ground extremely quickly. (Speed+++)


   Skills:
 - Level 1.5 Fighting
 - Level 5.0 Ranged Weapons
 + Level 4.0 Dodging
 - Level 1.5 Stealth


You had 2 spell levels left.
You didn't know any spells.
Your spell library was empty.

Inventory:

Hand Weapons
 a - a +0 shortbow (weapon)
Armour
 c - a +0 robe (worn)
 e - a +0 cloak (worn)
Potions
 b - a potion of berserk rage {unknown}
 f - a potion of lignification {unknown}
 h - a potion of curing {unknown}

Dungeon Overview and Level Annotations

Branches:
Dungeon (2/15)

Altars:


Message History

Found a stone staircase leading up.
Enter note: You now have 107 gold pieces (gained 7).
b - a red potion
Found a stone staircase leading down.
Found a club.
An adder comes into view.
You shoot an arrow. The arrow barely misses the adder.
The adder hisses angrily.
You shoot an arrow. The arrow closely misses the adder.
You shoot an arrow. The arrow misses the adder.
You shoot an arrow. The arrow hits the adder.
The adder is lightly wounded.
The adder closely misses you. The adder bites you.
You are poisoned.
The adder poisons you!
You shoot an arrow. The arrow closely misses the adder.
You feel sick. The adder bites you.
You shoot an arrow.
The arrow hits the adder but does no damage.
You feel sick. The adder closely misses you. The adder completely misses you.
You shoot an arrow. The arrow barely misses the adder.
You feel sick. The adder bites you.
You are lethally poisoned!
The adder poisons you!
You shoot an arrow. The arrow hits the adder!
The adder is severely wounded.
You feel sick. The adder barely misses you. The adder bites you.
You shoot an arrow.
The arrow hits the adder but does no damage.
The adder is severely wounded.
You feel sick. The adder barely misses you.
You shoot an arrow. The arrow closely misses the adder.
You feel sick. The adder completely misses you. The adder barely misses you.
You shoot an arrow. The arrow hits the adder!
You kill the adder!
You feel sick.
Your Ranged Weapons skill increases to level 5!
There is a lethal amount of poison in your body!
You die...

#..[#...#..## ......
..#...#...#.# .....
......## .###.###(####
..... #......
..#...#...#.# ......
#...### #...#...#..##
...=.. #......
##.###.###.# #....
#...... #...#...#..##
... #...>..
..#...#..#..#####.#
####......
.###.###..#.##..@.#
#.........
>.#...#...#.##.####
#.##......
..........#)...#
#.##......
...........#...##
#.######.#
####.#####.#....###
#.######.# #.#
#........######.##.....#
#.#
#.######........)....###
#.# #.#
###.####.#..#..##
#.#####.#
#.###..#.###...


There were no monsters in sight!

Vanquished Creatures
  2 adders (D:2)
  A ribbon worm (D:2)
  A dart slug (D:1)
  8 endoplasms (D:1)
  6 goblins (D:1)
  5 hobgoblins (D:1)
  5 ball pythons
  2 bats (D:1)
  3 frilled lizards
  5 kobolds
  3 rats
41 creatures vanquished.

Notes
Turn   | Place    | Note
-------+----------+-------------------------------------------
     0 | D:1      | qw the Spriggan Hunter began the quest for the Orb.
     0 | D:1      | Reached XP level 1. HP: 10/10 MP: 2/2
     0 | D:1      | 0 ||| qw: Version: 0.3-a-160-g6735b56
     0 | D:1      | 0 ||| qw: Game counter: 5254
     0 | D:1      | 0 ||| qw: Melee chars always use a shield: true
     0 | D:1      | 0 ||| qw: God list: Okawaru
     0 | D:1      | 0 ||| qw: Allow faded altars: false
     0 | D:1      | 0 ||| qw: Do Orc after clearing Dungeon:15 true
     0 | D:1      | 0 ||| qw: Do second Lair branch before Depths: true
     0 | D:1      | 0 ||| qw: Lair rune preference: random
     0 | D:1      | 0 ||| qw: Goals: Normal
     0 | D:1      | 0 ||| PLANNING D:1-11
    51 | D:1      | Reached skill level 3 in Dodging
    91 | D:1      | Reached XP level 2. HP: 14/14 MP: 3/3
   580 | D:1      | Reached XP level 3. HP: 18/18 MP: 4/4
   694 | D:1      | 694 ||| UPGRADING to +0 cloak.
   699 | D:1      | 699 ||| READING scroll labelled LEULOLOATA.
   700 | D:1      | 700 ||| READING scroll labelled GABOOMM USAE.
   701 | D:1      | 701 ||| DROPPING scroll of butterflies.
   703 | D:1      | 703 ||| Stepping ~*~*~tactically~*~*~ (cloud).
   711 | D:1      | HP: 4/18 [poisoned by you (poison gas)]
   928 | D:2      | 928 ||| READING scroll labelled CAOC HUPTEESEO.
  1038 | D:2      | HP: 4/18 [adder (1)]
  1041 | D:2      | HP: 1/18 [poisoned by an adder]
  1042 | D:2      | Reached skill level 5 in Ranged Weapons
  1042 | D:2      | Succumbed to an adder's poison

Levels and vault maps discovered:
D:1:      doesnt_arrival_eight_statues, layout_basic
D:2:      layout_rooms, kennysheep_doodads

Skill      XL: |  1  2  3 |
---------------+----------+-----
Dodging        | 3 4 |  4.0
Ranged Weapons | 5 |  5.0
Fighting       | |  1.5
Stealth        | |  1.5

Action                     || total
---------------------------++-------
   Fire: Shortbow          ||   101
    Use: Scroll            ||     3
 Armour: Robe              ||     9
  Dodge: Dodged            ||    30

Table legend:
 A = Non-vault XP
 B = Vault XP
 C = Vault XP percentage of total XP
 D = Non-vault monster count
 E = Vault monster count
 F = Vault count percentage of total count
                 A         B        C        D         E       F
            +---------+---------+-------+---------+---------+-------
      Total |      92 |       0 |   0.0 |      41 |       0 |   0.0
            +---------+---------+-------+---------+---------+-------
        D:1 |      48 |       0 |   0.0 |      29 |       0 |   0.0
        D:2 |      44 |       0 |   0.0 |      12 |       0 |   0.0
            +---------+---------+-------+---------+---------+-------
